AoeStats
← hadibaaayım

Black Forest

510301486Analyzed
2v2 RM · 2d ago on Sep 30, 2026· 72m 48s· 4 players
Game mode
Random Map
Map size
Medium (4 player)
Population
200
Speed
Normal
Resources
Standard
Victory
Conquest
Starting age
Dark Age
Ending age
Imperial Age
RankedLock teamsTeams togetherTeam positionsShared explorationLock speedFull tech treeHidden civsTurbo modeCheats
Victory
Defeat
🇬🇧 Mongols · United Kingdom
1197
+17
🇹🇷 Franks · Türkiye
1152
+19
🇹🇷 Malians · Türkiye
1212
-18
🇹🇷 Burgundians · Türkiye
1212
-18
Billeybowb
0:54 Loom
11:43 Feudal Age
12:26 Double-Bit Axe
16:47 Castle Age
15:11 Horse Collar
18:46 Heavy Plow
18:59 Bow Saw
23:32 Wheelbarrow
28:12 Caravan
30:27 Fletching
31:00 Ballistics
30:36 Gold Mining
31:01 Stone Mining
31:49 Hand Cart
31:40 Padded Archer Armor
31:37 Bodkin Arrow
32:45 Thumb Ring
32:53 Bloodlines
32:44 Husbandry
34:23 Masonry
37:23 Imperial Age
35:13 Leather Archer Armor
35:45 Town Watch
37:43 Elite Mangudai
39:27 Chemistry
38:29 Bracer
38:58 Parthian Tactics
40:42 Conscription
40:08 Capped Ram
40:36 Onager
41:53 Siege Engineers
42:19 Drill
41:30 Siege Ram
42:52 Forging
42:47 Scale Barding Armor
42:04 Light Cavalry
44:26 Hoardings
46:20 Chain Barding Armor
46:36 Iron Casting
46:00 Heavy Camel Rider
47:36 Siege Onager
53:28 Hussar
70:16 Blast Furnace
hadibaaayım
1:09 Loom
12:08 Feudal Age
13:34 Double-Bit Axe
18:51 Castle Age
17:51 Forging
17:47 Scale Barding Armor
20:13 Bow Saw
30:53 Town Watch
31:43 Wheelbarrow
39:47 Imperial Age
39:48 Wheelbarrow
44:01 Town Patrol
44:16 Hand Cart
44:29 Chain Barding Armor
44:43 Conscription
44:24 Chivalry
43:45 Ordonnance Companies
49:54 Coinage
49:29 Murder Holes
49:14 Treadmill Crane
49:55 Ballistics
49:46 Fortified Wall
50:36 Chemistry
49:22 Arrowslits
49:27 Guard Tower
50:22 Iron Casting
50:23 Plate Barding Armor
50:36 Masonry
51:44 Cavalier
52:26 Husbandry
53:15 Hand Cart
55:17 Paladin
57:25 Banking
56:56 Caravan
59:01 Siege Engineers
59:26 Architecture
62:25 Blast Furnace
62:01 Padded Archer Armor
61:52 Fletching
63:36 Gold Mining
63:36 Stone Mining
63:58 Scale Mail Armor
64:14 Leather Archer Armor
69:54 Bodkin Arrow
70:16 Chain Mail Armor
69:28 Elite Throwing Axeman
花生厚片
1:06 Loom
11:51 Feudal Age
17:03 Castle Age
14:53 Double-Bit Axe
18:08 Horse Collar
18:41 Bow Saw
18:40 Gold Mining
23:32 Forging
24:38 Scale Mail Armor
26:51 Iron Casting
28:12 Wheelbarrow
29:58 Hand Cart
31:32 Chain Mail Armor
32:42 Heavy Plow
41:18 Imperial Age
40:46 Squires
40:31 Arson
41:53 Gold Shaft Mining
41:18 Elite Gbeto
42:19 Conscription
42:01 Farimba
42:01 Tigui
42:50 Plate Mail Armor
42:25 Scale Barding Armor
42:03 Elite Skirmisher
42:49 Thumb Ring
42:39 Fletching
42:49 Padded Archer Armor
45:22 Chemistry
44:51 Husbandry
45:01 Bloodlines
44:12 Light Cavalry
45:04 Bodkin Arrow
45:32 Chain Barding Armor
45:46 Crop Rotation
46:34 Caravan
47:47 Plate Barding Armor
47:07 Bodkin Arrow
47:28 Leather Archer Armor
48:06 Town Watch
48:36 Guilds
48:57 Coinage
51:37 Ballistics
51:30 Fortified Wall
51:01 Treadmill Crane
54:55 Ring Archer Armor
54:24 Pikeman
54:35 Heavy Camel Rider
58:22 Masonry
58:07 Murder Holes
66:13 Man-at-Arms
皮蛋不是蛋
0:37 Loom
8:21 Double-Bit Axe
10:50 Horse Collar
13:45 Feudal Age
15:47 Bow Saw
19:09 Castle Age
17:31 Stone Mining
17:44 Gold Mining
17:57 Heavy Plow
21:37 Two-Man Saw
22:58 Stone Shaft Mining
24:40 Wheelbarrow
24:56 Cavalier
26:58 Scale Barding Armor
27:32 Husbandry
29:03 Gold Shaft Mining
29:39 Hand Cart
30:08 Chain Barding Armor
33:31 Forging
35:07 Iron Casting
40:00 Imperial Age
40:05 Capped Ram
41:25 Crop Rotation
41:23 Conscription
40:38 Paladin
42:30 Chemistry
43:28 Plate Barding Armor
43:54 Blast Furnace
45:17 Light Cavalry
46:58 Elite Skirmisher
47:32 Hussar
48:46 Caravan
50:25 Fletching
50:36 Padded Archer Armor
53:04 Bodkin Arrow
53:25 Leather Archer Armor
52:33 Pikeman
54:31 Ballistics
53:42 Halberdier
54:48 Bracer
54:48 Scale Mail Armor
56:49 Squires
Connection lost

Rejoining the realm…

Still unreachable

The connection could not be restored.

Session expired

The server has moved on; the page needs a fresh start.